 Dungeon Sprint DCSS version 0.30-a0-469-g84de5afbc5 (webtiles) character file.

Game seed: 17159456161846030466

4200000 NinjaNoafa the Intangible (level 22, -38/194 HPs)
             Began as a Djinni Warper on Dec 19, 2022.
             Was the Champion of Makhleb.
             Annihilated by a large bag of meat
             ... wielding a +9 giant spiked club
              (107 damage)
             ... in the Dungeon (Sprint VIII: "Arena of Blood").
             The game lasted 00:02:52 (42 turns).

NinjaNoafa the Intangible (Djinni Warper)             Turns: 42, Time: 00:02:53

Health: -38/194    AC:  3    Str: 10    XL:     22   Next: 23%
Gold:   0          EV: 27    Int: 23    God:    Makhleb [******] SH:  0 Dex: 16

rFire   + + .      SeeInvis .    i - +∞ Axe of Woe
rCold   x . .      Faith    .    (shield currently unavailable)
rNeg    . . .      Spirit   .    b - +0 leather armour
rPois   ∞          Reflect  .    (no helmet)
rElec   .          Harm     .    (no cloak)
rCorr   .          Rampage  .    (no gloves)
Will    ++...      NoTele   +    (boots unavailable)
Stlth   +.........               (no amulet)
HPRegen 0.52/turn                a - +30 ring of slaying
MPRegen 0.00/turn                j - +30 ring of slaying

@: flying
A: sickness immunity, fire resistance 2, cold vulnerability 1, float, innate
caster, HP casting, extra vitality 1
a: Renounce Religion, Minor Destruction, Lesser Servant of Makhleb, Major
Destruction, Greater Servant of Makhleb


You were in the Dungeon.
You worshipped Makhleb.
Makhleb was exalted by your worship.
You visited 1 branch

Inventory:

Hand Weapons
 i - the +∞ Axe of Woe (weapon)
   (You found it in the Dungeon)
Missiles
 d - 7 boomerangs of dispersal (quivered)
Armour
 b - a +0 leather armour (worn)
Jewellery
 a - a +30 ring of slaying (left hand)
 j - a +30 ring of slaying (right hand)
Scrolls
 c - 2 scrolls of blinking
Potions
 e - a potion of curing
 f - a potion of heal wounds
 g - a potion of haste
 h - a potion of berserk rage


   Skills:
 O Level 27 Fighting
 O Level 27 Axes
 + Level 21.2(26.6) Maces & Flails
 + Level 21.2(26.7) Polearms
 - Level 0.7 Throwing
 - Level 1.0 Armour
 O Level 27 Dodging
 + Level 24.7 Unarmed Combat
 O Level 27 Spellcasting
 O Level 27 Invocations


You had 14 spell levels left.
You knew the following spells:

 Your Spells              Type           Power      Damage    Failure   Level
a - Blink                 Tloc           100%       N/A       0%          2
b - Lesser Beckoning      Tloc           100%       N/A       0%          3
c - Vhi's Electric Charg  Tloc/Air       100%       N/A       0%          3
d - Teleport Other        Tloc           100%       N/A       0%          3
e - Manifold Assault      Tloc           100%       N/A       0%          4
f - Magic Dart            Conj           100%       1d8       0%          1
g - Call Imp              Summ           100%       N/A       0%          2
h - Call Canine Familiar  Summ           100%       N/A       0%          3
i - Flame Wave            Conj/Fire      100%       2d21      0%          4
j - Lee's Rapid Deconstr  Erth           50%        3d24*     0%          5
k - Lightning Bolt        Conj/Air       50%        1d71      0%          5
l - Simulacrum            Ice/Necr       50%        N/A       0%          6
m - Starburst             Conj/Fire      50%        6d14      0%          6
n - Spellforged Servitor  Conj/Summ      50%        N/A       1%          7
o - Storm Form            Tmut/Air       50%        N/A       1%          7
Your spell library was empty.

Dungeon Overview and Level Annotations

Branches:
Dungeon (1/1)

Altars:
Makhleb


Innate Abilities, Weirdness & Mutations

You are immune to sickness and miasma.
You are immune to poison.
Your flesh is very heat resistant. (rF++)
You are vulnerable to cold. (rC-)
You float through the air rather than walking.
You learn spells naturally, not from books.
Your magical power is your life essence.
You have superior vitality. (+4 MHP)


Message History

The large bag of meat is engulfed in blazing flames.
You hear a shout!
Your large bag of meat simulacrum is engulfed in blazing flames.
Your large bag of meat simulacrum hits the large bag of meat but does no damage.
Your large bag of meat simulacrum hits the large bag of meat.
Flame seeps out of the large bag of meat.
Your large bag of meat simulacrum freezes the large bag of meat!!!!
Flame seeps out of the large bag of meat.
The meat berserker is engulfed in blazing flames.
The meat berserker hits your large bag of meat simulacrum with a +9 battleaxe!!!!
Your large bag of meat simulacrum vaporises!
The meat berserker completely misses your large bag of meat simulacrum.
Your spellforged servitor is engulfed in blazing flames.
Your large bag of meat simulacrum hits the meat berserker!
Your large bag of meat simulacrum freezes the meat berserker!!!!
Your large bag of meat simulacrum hits the meat berserker.
Your large bag of meat simulacrum freezes the meat berserker!!!
A bag of meat comes into view. It is wielding a +9 war axe.
You hear a shout!
Your base Maces & Flails skill increases to level 21!
Your base Polearms skill increases to level 21!
Okay, then.
Casting: Lightning Bolt (safe; 0% risk of failure)
Confirm with . or Enter, or press ? or * to list all spells.
Aiming: Simulacrum (safe; 0% risk of failure)
Press: ? - help, Shift-Dir - straight line, f - large bag of meat, p - bag of meat
Aim: a large bag of meat, wielding a +9 giant spiked club and wearing a +100 ring of slaying (flame, moderately wounded, inner flame, ally target)
You freeze the large bag of meat's soul.
The tyrant appears out of thin air!
A tyrant comes into view.
You hear a shout! x4
A sculptor of flesh comes into view. It is wielding a +9 great sword.
You hear a shout! x3
A tyrant comes into view.
The large bag of meat is engulfed in blazing flames.
The large bag of meat hits you with a +9 giant spiked club!!!!
Ouch! That really hurt!
The large bag of meat hits you with a +9 giant spiked club!!!!
Ouch! That really hurt!
You die...

.. .. #.. .o#
#.. ..# .###..
..###.
......###O.....
....._..... .
#.○○§.# ...
#_§Z)_# .
.....#O○@Oo#....
......§Z9)...O..
.z....§###.L....
..###.. ..###L
#.. ..# #.O .#
... .. .... ..
....


You could see 2 tyrants, a sculptor of flesh, a large bag of meat (inner flame,
ally target, simulacrum), 3 meat berserkers, 2 bags of meat, a friendly
spellforged servitor (summoned) and 2 friendly large bag of meat simulacra.

Vanquished Creatures
  4 vampire knights (D)
  9 ogres (D)
  4 two-headed ogres (D)
  15 orcs (D)
  2 skeletal warriors (D)
34 creatures vanquished.

Vanquished Creatures (collateral kills)
  An orc (D)
1 creature vanquished.

Grand Total: 35 creatures vanquished

Notes
Turn   | Place    | Note
-------+----------+-------------------------------------------
     0 | D        | Found the +∞ Axe of Woe
     0 | D        | NinjaNoafa the Djinni Warper began the quest for the Orb.
     0 | D        | NinjaNoafa set off with the following spells memorised:
                  | Blink, Lesser Beckoning, Vhi's Electric Charge, Teleport
                  | Other, Manifold Assault.
     0 | D        | Reached XP level 1. HP: 18/18 MP: 0/0
     0 | D        | Noticed a bag of meat
     2 | D        | Noticed a bag of meat
     3 | D        | Noticed a bag of meat
     3 | D        | Noticed a bag of meat
     4 | D        | Killed a bag of meat
     4 | D        | Noticed a bag of meat
     4 | D        | Noticed a bag of meat
     5 | D        | Reached XP level 2. HP: 48/48 MP: 0/0
     5 | D        | Reached XP level 3. HP: 53/53 MP: 0/0
     5 | D        | Learned a level 1 spell: Magic Dart
     5 | D        | Reached XP level 4. HP: 60/60 MP: 0/0
     5 | D        | Reached XP level 5. HP: 66/66 MP: 0/0
     5 | D        | Learned a level 2 spell: Call Imp
     5 | D        | Reached XP level 6. HP: 72/72 MP: 0/0
     5 | D        | Reached XP level 7. HP: 78/78 MP: 0/0
     5 | D        | Learned a level 3 spell: Call Canine Familiar
     5 | D        | Reached XP level 8. HP: 85/85 MP: 0/0
     5 | D        | Reached XP level 9. HP: 90/90 MP: 0/0
     5 | D        | Learned a level 4 spell: Flame Wave
     5 | D        | Reached XP level 10. HP: 97/97 MP: 0/0
     5 | D        | Reached XP level 11. HP: 103/103 MP: 0/0
     5 | D        | Learned a level 5 spell: Lee's Rapid Deconstruction
     7 | D        | Became a worshipper of Makhleb the Destroyer
     7 | D        | Noticed a bag of meat
     8 | D        | Killed a bag of meat
     8 | D        | Killed a bag of meat
     8 | D        | Reached * piety under Makhleb
     8 | D        | Noticed a bag of meat
     9 | D        | Reached XP level 12. HP: 118/118 MP: 0/0
     9 | D        | Reached XP level 13. HP: 123/123 MP: 0/0
     9 | D        | Learned a level 5 spell: Lightning Bolt
     9 | D        | Killed a bag of meat
     9 | D        | Noticed a meat berserker
    10 | D        | Killed a bag of meat
    10 | D        | Killed a bag of meat
    10 | D        | Reached ** piety under Makhleb
    11 | D        | Reached skill level 27 in Fighting
    11 | D        | Reached skill level 27 in Dodging
    11 | D        | Reached skill level 1 in Invocations
    11 | D        | Reached XP level 14. HP: 101/141 MP: 0/0
    11 | D        | Killed a meat berserker
    11 | D        | Killed a bag of meat
    12 | D        | Reached XP level 15. HP: 131/147 MP: 0/0
    12 | D        | Learned a level 6 spell: Simulacrum
    12 | D        | Reached *** piety under Makhleb
    13 | D        | Reached skill level 15 in Invocations
    13 | D        | Noticed a meat berserker
    13 | D        | Noticed a meat berserker
    19 | D        | Killed a meat berserker
    19 | D        | Noticed a destroyer
    19 | D        | Noticed a large bag of meat
    20 | D        | Reached skill level 15 in Axes
    20 | D        | Reached XP level 16. HP: 83/154 MP: 0/0
    20 | D        | Killed a meat berserker
    20 | D        | Noticed a destroyer
    20 | D        | Noticed a meat berserker
    21 | D        | Killed a destroyer
    21 | D        | Reached **** piety under Makhleb
    21 | D        | Noticed a destroyer
    22 | D        | Reached XP level 17. HP: 111/160 MP: 0/0
    22 | D        | Learned a level 6 spell: Starburst
    22 | D        | Killed a destroyer
    22 | D        | Reached ***** piety under Makhleb
    22 | D        | Noticed a large bag of meat
    22 | D        | Noticed a large bag of meat
    23 | D        | Reached XP level 18. HP: 167/167 MP: 0/0
    23 | D        | Killed a large bag of meat
    23 | D        | Noticed a large bag of meat
    24 | D        | Noticed a meat berserker
    25 | D        | Killed a destroyer
    26 | D        | Reached skill level 27 in Axes
    26 | D        | Reached XP level 19. HP: 172/174 MP: 0/0
    26 | D        | Learned a level 7 spell: Spellforged Servitor
    27 | D        | Killed a meat berserker
    27 | D        | Killed a meat berserker
    28 | D        | Reached skill level 27 in Invocations
    28 | D        | Noticed a sculptor of flesh
    28 | D        | Noticed a meat berserker
    29 | D        | Noticed a meat berserker
    30 | D        | Killed a large bag of meat
    30 | D        | Reached ****** piety under Makhleb
    31 | D        | Reached XP level 20. HP: 155/181 MP: 0/0
    31 | D        | Noticed a destroyer
    31 | D        | Noticed a meat berserker
    32 | D        | Killed a large bag of meat
    33 | D        | Reached skill level 27 in Spellcasting
    33 | D        | Reached skill level 5 in Maces & Flails
    33 | D        | Reached skill level 5 in Polearms
    34 | D        | Killed a large bag of meat
    34 | D        | Killed a destroyer
    35 | D        | Reached skill level 15 in Unarmed Combat
    36 | D        | Noticed a meat berserker
    37 | D        | Reached XP level 21. HP: 154/187 MP: 0/0
    37 | D        | Learned a level 7 spell: Storm Form
    37 | D        | Killed a meat berserker
    37 | D        | Killed a meat berserker
    37 | D        | Noticed a large bag of meat
    38 | D        | Killed a meat berserker
    38 | D        | Noticed a meat berserker
    39 | D        | Noticed a meat berserker
    40 | D        | Killed a meat berserker
    40 | D        | Noticed a meat berserker
    41 | D        | Reached XP level 22. HP: 194/194 MP: 0/0
    42 | D        | Noticed a tyrant
    42 | D        | Annihilated by a large bag of meat

Illustrated notes

Levels and vault maps discovered:
D:        meatsprint

Skill      XL: |  1  2  3  4  5  6  7  8  9 10 11 12 13 14 15 16 17 18 19 20 21 22 |
---------------+-------------------------------------------------------------------+-----
Fighting       | 18 22 27 | 27.0
Dodging        | 19 24 27 | 27.0
Axes           | 2 11 15 20 24 27 | 27.0
Invocations    | 1 13 17 20 23 26 27 | 27.0
Spellcasting   | 6 11 14 18 26 27 | 27.0
Maces & Flails | 13 20 21 | 21.2
Polearms       | 13 20 21 | 21.2
Unarmed Combat | 16 24 | 24.7
Throwing       | |  0.7
Armour         | |  1.0

Action                   |  1- 3 |  4- 6 |  7- 9 | 10-12 | 13-15 | 16-18 | 19-21 | 22-24 || total
-------------------------+-------+-------+-------+-------+-------+-------+-------+-------++-------
Melee: Executioner's axe |     1 |       |       |     1 |     5 |     5 |     9 |     1 ||    22
 Cast: Simulacrum        |       |       |       |       |       |     1 |     3 |     1 ||     5
       Spellforged Servi |       |       |       |       |       |       |     1 |       ||     1
       Lightning Bolt    |       |       |       |       |       |       |     1 |       ||     1
 Stab: Distracted        |       |       |       |       |       |       |     1 |       ||     1
Dodge: Dodged            |       |       |       |       |     1 |       |     1 |       ||     2

Table legend: (Time is in decaauts)
 A = Elapsed time spent in this place.
 B = Non-inter-level travel time spent in this place.
 C = Inter-level travel time spent in this place.
 D = Time resting spent in this place.
 E = Time spent auto-exploring this place.
 F = Levels seen in this place.
 G = Mean time per level.
                   A        B        C        D        E       F      G
               +--------+--------+--------+--------+--------+-----+--------+
         Total |     41 |     41 |      0 |      0 |      0 |   1 |   41.0 |
       Dungeon |     41 |     41 |      0 |      0 |      0 |   1 |   41.0 |
               +--------+--------+--------+--------+--------+-----+--------+

Top non-repeatable levels by time:
       D: 41 daAuts
